[Event "ICC tourney 2098 (40 10)"]
[Site "Internet Chess Club"]
[Date "2020.11.01"]
[Round "4"]
[White "icommai"]
[Black "orwind"]
[Result "1-0"]
[ICCResult "Black resigns"]
[WhiteElo "1864"]
[BlackElo "1614"]
[Opening "Benkö gambit half accepted"]
[ECO "A57"]
[NIC "BI.45"]
[Time "17:46:41"]
[TimeControl "2400+10"]

1. d4 Nf6 2. c4 c5 3. d5 b5 4. cxb5 a6 5. f3 axb5 6. e4 Ba6 7. e5 Ng8 8. Na3
b4 9. Nc4 g6 10. f4 Bg7 11. Nf3 e6 12. Be3 Bxc4 13. Bxc4 Qc8 14. Ng5 Ne7 15.
Ne4 O-O 16. Bxc5 Ra5 17. Bxe7 Qxc4 18. Bxf8 Qxe4+ 19. Qe2 Qxe2+ 20. Kxe2
Bxf8 21. d6 Nc6 22. Rhc1 f6 23. exf6 Bxd6 24. Rd1 Rd5 25. Rxd5 exd5 26. g3
Kf7 27. a4 bxa3 28. bxa3 Kxf6 29. a4 Bb4 30. Kd3 Ke6 31. Ra2 d4 32. Re2+ Kd5
33. Re8 Bc3 34. Kc2 Kc4 35. Re4 Nb4+ 36. Kd1 Kd3 37. Re2 Nd5 38. Ra2 Ne3+
39. Kc1 Nc4 40. g4 Bd2+ 41. Kb1 Ke3 42. f5 gxf5 43. gxf5 Bb4 44. f6 d3 45.
f7 d2 46. Kc2 Ke2 47. Kb3 Bd6 48. Kxc4 Ke1 49. Ra1+ d1=Q 50. Rxd1+ Kxd1 51.
a5 {Black resigns} 1-0

[Event "ICC tourney 2098 (40 10)"]
[Site "Internet Chess Club"]
[Date "2020.11.01"]
[Round "4"]
[White "Slypawn"]
[Black "davika21"]
[Result "1-0"]
[ICCResult "Black resigns"]
[WhiteElo "2115"]
[BlackElo "1908"]
[Opening "Scotch gambit: Dubois-Réti defense"]
[ECO "C55"]
[NIC "KP.02"]
[Time "17:46:34"]
[TimeControl "2400+10"]

1. e4 e5 2. Nf3 Nc6 3. d4 exd4 4. Bc4 Nf6 5. e5 d5 6. Bb5 Ne4 7. Nxd4 Bd7 8.
Bxc6 bxc6 9. O-O Bc5 10. f3 Ng5 11. f4 Ne4 12. Be3 O-O 13. Nd2 Nxd2 14. Qxd2
Bb6 15. a4 c5 16. Nf3 d4 17. Bf2 a6 18. Bh4 Qb8 19. Qd3 Qc8 20. Ng5 Bf5 21.
Qd2 c4 22. Kh1 h6 23. Nf3 d3 24. Qb4 dxc2 25. Qxc4 Be3 26. Nd4 c1=Q 27.
Raxc1 Bxc1 28. Rxc1 c5 29. Qd5 cxd4 30. Rxc8 Rfxc8 31. Kg1 d3 32. g4 Bxg4
33. Qxd3 Rc1+ 34. Kg2 Rac8 35. h3 R8c2+ 36. Bf2 Be2 37. Qd8+ Kh7 38. Qd4 Bh5
39. f5 Rd1 40. Qh4 g6 41. e6 Rdd2 42. e7 Re2 43. f6 Rxb2 44. Qd4 Rbc2 45.
Kg3 Re6 46. Be3 Re2 47. Bf2 g5 48. Qd3+ Bg6 49. Qd8 Rc6 50. Qf8 Rc3+ 51. Kg2
Be4+ 52. Kf1 {Black resigns} 1-0

[Event "ICC tourney 2098 (40 10)"]
[Site "Internet Chess Club"]
[Date "2020.11.01"]
[Round "4"]
[White "chessboy2020"]
[Black "ruitang"]
[Result "1/2-1/2"]
[ICCResult "Game drawn by mutual agreement"]
[WhiteElo "1651"]
[BlackElo "1648"]
[Opening "Ruy Lopez: 5.O-O"]
[ECO "C78"]
[NIC "RL.12"]
[Time "17:46:47"]
[TimeControl "2400+10"]

1. e4 e5 2. Nf3 Nc6 3. Bb5 a6 4. Ba4 Nf6 5. O-O b5 6. Bb3 Bc5 7. a4 Rb8 8.
c3 d6 9. d4 Bb6 10. a5 Ba7 11. h3 h6 12. Be3 O-O 13. Nbd2 Re8 14. Bc2 Ra8
15. Re1 Bb7 16. d5 Ne7 17. Nf1 c6 18. Bxa7 Rxa7 19. dxc6 Bxc6 20. Ng3 Rd7
21. Qe2 Ng6 22. Qf1 Qa8 23. Rad1 Nf4 24. Nd2 g6 25. f3 Qd8 26. b4 Nh7 27.
Ne2 Qg5 28. Kh2 Nf6 29. g3 Nxe2 30. Qxe2 Nh5 31. Qf2 Rb7 32. h4 Qe7 33. Nf1
Rd8 34. Ne3 Ng7 35. Nd5 Bxd5 36. Rxd5 Rc7 37. Qd2 Ne8 38. Rd3 Kg7 39. Bb3
Rdc8 40. Rc1 Kh7 41. Qe3 Nf6 42. Rd2 Rc6 43. Rdc2 Rd8 44. Rd1 d5 45. exd5
Rcd6 46. Rcd2 e4 47. Kg2 Qe5 48. fxe4 Qxe4+ 49. Qxe4 Nxe4 50. Rd3 Rc8 51.
Rc1 Rf6 52. Rf1 Rxf1 53. Kxf1 Kg7 54. d6 Rd8 55. c4 Rxd6 56. Rxd6 Nxd6 57.
c5 Ne8 58. Bd5 Kf6 59. Kf2 Nc7 60. Bb7 Ke5 61. Ke3 f5 62. Kd3 g5 63. hxg5
hxg5 64. Bf3 f4 65. gxf4+ Kxf4 66. Bg2 Ke5 67. Ke3 g4 68. Kd3 g3 69. Ke3 Ne6
70. Kf3 Kd4 71. Kxg3 Kc4 72. Bb7 Nc7 73. Kf4 Kxb4 74. c6 Kxa5 75. Ke5 Kb6
76. Kd4 {Game drawn by mutual agreement} 1/2-1/2

[Event "ICC tourney 2098 (40 10)"]
[Site "Internet Chess Club"]
[Date "2020.11.01"]
[Round "4"]
[White "Feugon"]
[Black "JonnyTurgi"]
[Result "1-0"]
[ICCResult "Black resigns"]
[WhiteElo "2014"]
[BlackElo "2079"]
[Opening "Bird's opening"]
[ECO "A03"]
[NIC "VO.07"]
[Time "17:46:39"]
[TimeControl "2400+10"]

1. f4 d5 2. Nf3 Nf6 3. e3 Bf5 4. b3 e6 5. Bb2 Be7 6. Be2 h6 7. O-O O-O 8.
Ne5 Nbd7 9. c4 c6 10. d4 Ne4 11. Nd2 Nxd2 12. Qxd2 Nf6 13. a4 Ne4 14. Qe1 a5
15. c5 f6 16. Nd3 b6 17. Ba3 Rb8 18. b4 bxc5 19. Nxc5 axb4 20. Bxb4 Qb6 21.
Ba5 Qa7 22. Nxe4 Bxe4 23. Bc3 c5 24. Bb5 Rfc8 25. Qd2 Qb7 26. Rfc1 Bd6 27.
dxc5 Bxc5 28. Bd4 Bxd4 29. Qxd4 Rc7 30. Rc5 Rxc5 31. Qxc5 Rc8 32. Qa3 Qb6
33. Rc1 Rxc1+ 34. Qxc1 e5 35. Kf1 d4 36. exd4 Qxd4 37. Qc4+ Qxc4+ 38. Bxc4+
Kf8 39. fxe5 fxe5 40. g3 Ke7 41. Ke2 Kd6 42. Ke3 Bc6 43. Bb5 Bd5 44. a5 Kc5
45. Bd3 Bc6 46. h4 Kb4 47. a6 Ka5 48. a7 Kb6 49. Be4 Bxe4 50. Kxe4 Kxa7 51.
Kxe5 Kb6 52. Kf5 {Black resigns} 1-0

[Event "ICC tourney 2098 (40 10)"]
[Site "Internet Chess Club"]
[Date "2020.11.01"]
[Round "4"]
[White "kingannihilator"]
[Black "Goldenmaknae"]
[Result "1-0"]
[ICCResult "Black forfeits on time"]
[WhiteElo "1803"]
[BlackElo "1862"]
[Opening "QGD Slav: 4.Nc3"]
[ECO "D15"]
[NIC "SL.03"]
[Time "17:46:39"]
[TimeControl "2400+10"]

1. d4 d5 2. c4 c6 3. Nf3 Nf6 4. Nc3 Bf5 5. e3 e6 6. Be2 Bd6 7. O-O O-O 8. b3
Nbd7 9. Bb2 h6 10. Rc1 Qe7 11. c5 Bc7 12. b4 Rfe8 13. Re1 Nh7 14. b5 Ng5 15.
bxc6 bxc6 16. Qa4 Rec8 17. Nb1 Nxf3+ 18. Bxf3 e5 19. Nd2 Bd3 20. e4 Qg5 21.
Re3 Bb5 22. Qc2 exd4 23. Bxd4 Bf4 24. exd5 cxd5 25. h3 Bxe3 26. Bxe3 Qe5 27.
Bg4 Rc7 28. Nf3 Qe4 29. Qc3 Nf6 30. Qa5 Rb7 31. c6 Bxc6 32. Rxc6 Nxg4 33.
hxg4 d4 34. Nxd4 Rb1+ 35. Kh2 Qxg4 36. Nf3 Rb7 37. Rc1 a6 38. Qd5 Rab8 39.
Kg1 Rd7 40. Qc5 Rbd8 41. Rf1 Rd5 42. Qc7 a5 43. Ne5 Qf5 44. Nf3 R5d7 45. Qe5
Qg4 46. Qf4 Qe6 47. Ne5 Rd5 48. Nf3 Rb5 49. Nd4 Qc4 50. Nxb5 Qxb5 51. Qg4
Kh8 52. Qf4 f6 53. Qc7 Re8 54. Qf7 Qe5 55. Rc1 Re7 56. Qb3 Kh7 57. Qc2+ Kh8
58. Qc5 Qe4 59. Qxa5 f5 60. Qd2 Kh7 61. a3 Rf7 62. Qd4 Qe6 63. Qc4 Qg6 64.
a4 Rf6 65. a5 {Black forfeits on time} 1-0

[Event "ICC tourney 2098 (40 10)"]
[Site "Internet Chess Club"]
[Date "2020.11.01"]
[Round "5"]
[White "Zuiopal"]
[Black "michaelxiao"]
[Result "1-0"]
[ICCResult "Black checkmated"]
[WhiteElo "1675"]
[BlackElo "1326"]
[Opening "QGD: exchange, positional line"]
[ECO "D35"]
[NIC "QO.16"]
[Time "20:03:01"]
[TimeControl "2400+10"]

1. d4 d5 2. c4 e6 3. Nc3 Nf6 4. cxd5 exd5 5. Bg5 Be7 6. e3 Bf5 7. Qb3 b6 8.
Bxf6 Bxf6 9. Qxd5 Qxd5 10. Nxd5 Bd8 11. Rc1 Nd7 12. Nxc7+ Bxc7 13. Rxc7 O-O
14. Bb5 Nf6 15. Nf3 Rfc8 16. Rxc8+ Rxc8 17. O-O Rc2 18. h3 Rxb2 19. Bc4 b5
20. Bb3 a5 21. Ne5 a4 22. Bxf7+ Kf8 23. Rc1 Ke7 24. Rc7+ Kd6 25. Rc6+ Ke7
26. f3 Bb1 27. a3 Ba2 28. Bxa2 Rxa2 29. Rc3 Nd5 30. Rd3 b4 31. Nc6+ Kd6 32.
Nxb4 Nxb4 33. axb4 a3 34. Rc3 Ra1+ 35. Kh2 a2 36. Ra3 Kc6 37. Ra5 Kd6 38. e4
Ke6 39. b5 Kd6 40. Ra6+ Kc7 41. d5 Kb7 42. d6 h6 43. h4 Kc8 44. Ra7 Kb8 45.
b6 Rd1 46. Rxa2 Rxd6 47. Rb2 Kb7 48. Kg3 Rxb6 49. Rxb6+ Kxb6 50. Kf4 Kc6 51.
Kf5 Kd6 52. Kg6 Ke5 53. Kxg7 Kf4 54. Kxh6 Kg3 55. e5 Kxg2 56. f4 Kf3 57. f5
Ke4 58. f6 Kxe5 59. f7 Ke6 60. f8=Q Kd5 61. Kg7 Ke6 62. h5 Kd5 63. h6 Ke6
64. h7 Ke5 65. h8=Q Ke6 66. Qh6+ Kd5 67. Qf5+ Kc4 68. Qh4+ Kc3 69. Qf3+ Kd2
70. Qh2+ Ke1 71. Qfh1# {Black checkmated} 1-0

[Event "ICC tourney 2098 (40 10)"]
[Site "Internet Chess Club"]
[Date "2020.11.01"]
[Round "5"]
[White "speedskater"]
[Black "jsl1996"]
[Result "1-0"]
[ICCResult "Black resigns"]
[WhiteElo "2649"]
[BlackElo "2646"]
[Opening "QGD: classical variation (5.Bf4)"]
[ECO "D37"]
[NIC "QI.01"]
[Time "20:02:59"]
[TimeControl "2400+10"]

1. d4 Nf6 2. c4 e6 3. Nf3 d5 4. Nc3 Be7 5. Bf4 O-O 6. Rc1 c5 7. dxc5 Bxc5 8.
e3 Nc6 9. a3 d4 10. exd4 Nxd4 11. b4 Nxf3+ 12. Qxf3 Bd4 13. Nb5 e5 14. Bg5
Re8 15. Bxf6 gxf6 16. Be2 a5 17. O-O axb4 18. axb4 Bd7 19. Nxd4 exd4 20. Bd3
Re5 21. Qxb7 Rb8 22. Qf3 Rxb4 23. c5 Bb5 24. c6 Bxd3 25. c7 Qc8 26. Qxd3 Rb7
27. Qa6 Reb5 28. Qd6 {Black resigns} 1-0

[Event "ICC tourney 2098 (40 10)"]
[Site "Internet Chess Club"]
[Date "2020.11.01"]
[Round "5"]
[White "davika21"]
[Black "marinaxiao"]
[Result "1/2-1/2"]
[ICCResult "Game drawn by repetition"]
[WhiteElo "1895"]
[BlackElo "1503"]
[Opening "Sicilian: Alapin's variation (2.c3)"]
[ECO "B22"]
[NIC "SI.46"]
[Time "20:02:58"]
[TimeControl "2400+10"]

1. e4 c5 2. c3 d5 3. exd5 Qxd5 4. d4 e6 5. Nf3 Nf6 6. Be2 Nc6 7. O-O cxd4 8.
cxd4 Be7 9. Nc3 Qd8 10. Be3 O-O 11. Ne5 Bd7 12. Bf3 Rc8 13. Rc1 Bd6 14. Nxd7
Qxd7 15. d5 exd5 16. Nxd5 Nxd5 17. Bxd5 Ne7 18. Bb3 Rxc1 19. Qxc1 a6 20. Rd1
Rc8 21. Qd2 Rd8 22. Bb6 Bxh2+ 23. Kxh2 Qxd2 24. Bxd8 Qf4+ 25. Kg1 Nc6 26.
Rd7 Qc1+ 27. Kh2 Qh6+ 28. Kg1 Qc1+ 29. Kh2 Qh6+ 30. Kg1 Qc1+
{Game drawn by repetition}
1/2-1/2

[Event "ICC tourney 2098 (40 10)"]
[Site "Internet Chess Club"]
[Date "2020.11.01"]
[Round "5"]
[White "ruitang"]
[Black "orwind"]
[Result "0-1"]
[ICCResult "White resigns"]
[WhiteElo "1630"]
[BlackElo "1632"]
[Opening "Sicilian defense"]
[ECO "B44"]
[NIC "SI.39"]
[Time "20:03:01"]
[TimeControl "2400+10"]

1. e4 c5 2. Nf3 e6 3. d4 cxd4 4. Nxd4 Nc6 5. Be3 Nf6 6. Nc3 Bb4 7. Bd3 d5 8.
exd5 Nxd5 9. Nxc6 bxc6 10. Bd2 O-O 11. O-O Nxc3 12. Bxc3 Bxc3 13. bxc3 Qf6
14. Qh5 g6 15. Qc5 Bd7 16. Be4 Rfc8 17. Rfd1 Be8 18. Rd6 Qe7 19. Rad1 Qf8
20. Qc4 Rab8 21. Bxc6 Qxd6 22. Rxd6 Rb1+ 23. Qf1 Rxf1+ 24. Kxf1 Rxc6 25.
Rxc6 Bxc6 26. g3 Be4 27. Ke2 Bxc2 28. Ke3 Kg7 29. Kd4 a5 30. c4 Kf6 31. Kc5
Ke7 32. Kb6 a4 33. c5 Kd7 34. c6+ Kc8 {White resigns} 0-1

[Event "ICC tourney 2098 (40 10)"]
[Site "Internet Chess Club"]
[Date "2020.11.01"]
[Round "5"]
[White "JonnyTurgi"]
[Black "icommai"]
[Result "1-0"]
[ICCResult "Black resigns"]
[WhiteElo "2085"]
[BlackElo "1847"]
[Opening "Queen's gambit declined"]
[ECO "D30"]
[NIC "QP.08"]
[Time "20:02:52"]
[TimeControl "2400+10"]

1. d4 d5 2. c4 e6 3. Nf3 c6 4. Bg5 Nf6 5. e3 Nbd7 6. cxd5 exd5 7. Nc3 Qa5 8.
Nd2 Bb4 9. Qc2 h6 10. Bh4 O-O 11. Bd3 Re8 12. O-O Be7 13. a3 Qd8 14. b4 b5
15. a4 Bxb4 16. axb5 Bxc3 17. Qxc3 cxb5 18. Qc6 Qb6 19. Bxb5 Bb7 20. Qxb6
axb6 21. Bxf6 Nxf6 22. Bxe8 Nxe8 23. Rxa8 Bxa8 24. Rb1 {Black resigns} 1-0

[Event "ICC tourney 2098 (40 10)"]
[Site "Internet Chess Club"]
[Date "2020.11.01"]
[Round "5"]
[White "HR2005"]
[Black "DLWarrior"]
[Result "0-1"]
[ICCResult "White resigns"]
[WhiteElo "1997"]
[BlackElo "1966"]
[Opening "French: Steinitz, Boleslavsky variation"]
[ECO "C11"]
[NIC "FR.04"]
[Time "20:03:17"]
[TimeControl "2400+10"]

1. e4 e6 2. d4 d5 3. Nc3 Nf6 4. e5 Nfd7 5. f4 c5 6. Nf3 Nc6 7. Be3 Be7 8.
Qd2 O-O 9. O-O-O c4 10. f5 b5 11. f6 gxf6 12. Bh6 Re8 13. Qf4 Bf8 14. Bxf8
Rxf8 15. h4 b4 16. Nb5 Rb8 17. Nd6 fxe5 18. dxe5 Qe7 19. Rh3 Kh8 20. Rg3 f6
21. exf6 Rxf6 22. Qg5 Qf8 23. Be2 Rg6 24. Qh5 Rxg3 25. Nf7+ Kg8 26. Nh6+ Kg7
27. Ng4 Qf4+ 28. Nd2 c3 29. Bd3 cxd2+ 30. Rxd2 Nf8 31. Nh2 Rxg2 32. Nf3 Rxd2
33. Nxd2 Bd7 34. Kd1 Be8 35. Qe2 Nd4 36. Qg2+ Kh8 {White resigns} 0-1

[Event "ICC tourney 2098 (40 10)"]
[Site "Internet Chess Club"]
[Date "2020.11.01"]
[Round "5"]
[White "goodcrowdchess"]
[Black "Leolix"]
[Result "0-1"]
[ICCResult "White checkmated"]
[WhiteElo "1670"]
[BlackElo "1965"]
[Opening "Sicilian: Taimanov (Bastrikov) variation"]
[ECO "B47"]
[NIC "SI.40"]
[Time "20:03:49"]
[TimeControl "2400+10"]

1. e4 c5 2. Nf3 e6 3. d4 cxd4 4. Nxd4 Nc6 5. Nc3 Qc7 6. a3 a6 7. Be3 Nf6 8.
Be2 b5 9. O-O Bb7 10. f3 Bc5 11. Nf5 Qb6 12. Nxg7+ Kf8 13. Nxe6+ dxe6 14.
Bxc5+ Qxc5+ 15. Kh1 Ke7 16. Qe1 Rhg8 17. f4 Nd4 18. Bd3 Qh5 19. h3 Rad8 20.
a4 Rxg2 21. Nd5+ Nxd5 22. Kxg2 Rg8+ 23. Kh2 Nf3+ 24. Rxf3 Qxf3 25. Qd2 Qg3+
26. Kh1 Qxh3+ 27. Qh2 Qf3+ 28. Qg2 Qxg2# {White checkmated} 0-1

[Event "ICC tourney 2098 (40 10)"]
[Site "Internet Chess Club"]
[Date "2020.11.01"]
[Round "5"]
[White "TheDude865"]
[Black "imranchamp"]
[Result "1/2-1/2"]
[ICCResult "Game drawn by mutual agreement"]
[WhiteElo "1499"]
[BlackElo "1796"]
[Opening "Sicilian: Pelikan, Chelyabinsk variation"]
[ECO "B33"]
[NIC "SI.37"]
[Time "20:03:07"]
[TimeControl "2400+10"]

1. e4 c5 2. Nf3 Nc6 3. d4 cxd4 4. Nxd4 Nf6 5. Nc3 e5 6. Ndb5 d6 7. Bg5 a6 8.
Na3 b5 9. Nd5 Be7 10. Bxf6 Bxf6 11. c3 Ne7 12. Nxe7 Qxe7 13. Nc2 Bb7 14. Bd3
O-O 15. O-O Rad8 16. Ne3 g6 17. a4 Bg7 18. Qc2 Bc6 19. axb5 axb5 20. Nd5 Qb7
21. Nb4 Bd7 22. Qe2 Ra8 23. Rfd1 Rfd8 24. h3 Bf8 25. Nd5
{Game drawn by mutual agreement}
1/2-1/2

[Event "ICC tourney 2098 (40 10)"]
[Site "Internet Chess Club"]
[Date "2020.11.01"]
[Round "5"]
[White "GGuseinov"]
[Black "ramennoodle"]
[Result "1-0"]
[ICCResult "Black resigns"]
[WhiteElo "2718"]
[BlackElo "2078"]
[Opening "Philidor: Improved Hanham variation"]
[ECO "B07"]
[NIC "PU.08"]
[Time "20:02:55"]
[TimeControl "2400+10"]

1. e4 d6 2. d4 Nf6 3. Nc3 e5 4. Nf3 Nbd7 5. Bc4 Be7 6. a4 O-O 7. a5 a6 8.
O-O exd4 9. Nxd4 Nc5 10. Re1 Be6 11. Bxe6 Nxe6 12. Nf5 Kh8 13. Nd5 Ng8 14.
Ra3 g6 15. Nfxe7 Nxe7 16. Bh6 Nxd5 17. exd5 Ng7 18. Qd4 f6 19. Rf3 Rf7 20.
g4 Qd7 21. Rxf6 Re8 22. Rxe8+ Qxe8 23. Rxf7 Qxf7 24. f4 Kg8 25. Qxg7+ Qxg7
26. Bxg7 Kxg7 27. Kf2 Kf6 28. Ke3 g5 29. b4 b6 30. b5 {Black resigns} 1-0

[Event "ICC tourney 2098 (40 10)"]
[Site "Internet Chess Club"]
[Date "2020.11.01"]
[Round "5"]
[White "Theutltl"]
[Black "chessboy2020"]
[Result "0-1"]
[ICCResult "White resigns"]
[WhiteElo "1384"]
[BlackElo "1657"]
[Opening "Two knights defense (Modern bishop's opening)"]
[ECO "C55"]
[NIC "IG.01"]
[Time "20:03:42"]
[TimeControl "2400+10"]

1. e4 e5 2. Nf3 Nc6 3. Bc4 Nf6 4. d3 Be7 5. O-O O-O 6. c3 d6 7. Bg5 h6 8.
Bh4 Na5 9. Bb5 a6 10. Ba4 b5 11. Bc2 c5 12. Nbd2 Nc6 13. Re1 d5 14. exd5
Nxd5 15. Bxe7 Qxe7 16. d4 cxd4 17. cxd4 Bg4 18. h3 Bh5 19. g4 Bg6 20. dxe5
Nf4 21. Kh2 Bxc2 22. Qxc2 Nb4 23. Qb3 Nbd3 24. Re4 Qa7 25. Rd4 Rad8 26. Qc3
Ne2 27. Qxd3 Nxd4 28. Nxd4 Qxd4 29. Qxd4 Rxd4 30. Nf3 Rd3 31. Kg2 Rc8 32.
Re1 Rdd8 33. e6 fxe6 34. Rxe6 a5 35. Ra6 Ra8 36. Rb6 Rdb8 37. Rc6 b4 38. b3
a4 39. bxa4 Rxa4 40. Rc2 Rba8 41. Rb2 Kf7 42. Ne5+ Ke6 43. Nc6 Rxa2 44. Rxa2
Rxa2 45. Nxb4 Rd2 46. Kf3 Kd6 47. Ke3 Rd1 48. Kf3 Rh1 49. Kg2 Rc1 50. Nd3
Rd1 51. Nf4 Ke5 52. Nh5 g6 53. Ng3 Kf4 54. Ne2+ Ke5 55. Ng3 Ra1 56. Ne2 Ra2
57. Ng3 Kf4 58. Nf1 h5 59. gxh5 gxh5 60. Ng3 h4 61. Nf1 Ra3 62. Nh2 Ra8 63.
Ng4 Rg8 64. Kh2 Kf3 65. Kg1 Ra8 66. Nh2+ Ke2 67. Kg2 Rg8+ 68. Ng4 Rf8 69.
Kg1 Rf4 70. Kg2 Rf3 71. Kh2 Kf1 72. Ne3+ Kxf2 73. Ng4+ Kf1 74. Kh1 Rxh3+ 75.
Nh2+ Ke1 76. Kg2 Rg3+ 77. Kh1 Kf2 78. Nf1 Kxf1 79. Kh2 Kf2 {White resigns}
0-1

[Event "ICC tourney 2098 (40 10)"]
[Site "Internet Chess Club"]
[Date "2020.11.01"]
[Round "5"]
[White "Goldenmaknae"]
[Black "che8642"]
[Result "1-0"]
[ICCResult "Black resigns"]
[WhiteElo "1859"]
[BlackElo "1512"]
[Opening "Queen's bishop game"]
[ECO "D02"]
[NIC "QP.08"]
[Time "20:03:06"]
[TimeControl "2400+10"]

1. d4 d5 2. Nf3 Nf6 3. Bf4 c6 4. e3 e6 5. c3 Nbd7 6. Bd3 h6 7. Nbd2 Be7 8.
O-O Nh5 9. Bg3 Nxg3 10. hxg3 Qc7 11. Rc1 e5 12. e4 dxe4 13. Bxe4 O-O 14. Qc2
exd4 15. Nxd4 Nf6 16. Bd3 a6 17. Rcd1 c5 18. N4f3 b5 19. c4 b4 20. Rfe1 Bb7
21. Ne5 Bd6 22. Nef3 Rfe8 23. Nf1 Rad8 24. Ne3 Re6 25. Bf5 Re7 26. Re2 Rde8
27. Rde1 Ne4 28. Nd5 Bxd5 29. Bxe4 Bxe4 30. Rxe4 Rxe4 31. Rxe4 Re7 32. Rxe7
Qxe7 33. b3 Qf6 34. Qd2 Qe6 35. Kf1 a5 36. Qd5 Qxd5 37. cxd5 Kf8 38. Ke2 Ke7
39. Kd3 Bc7 40. Kc4 Kd6 41. Nd2 Bb6 42. Ne4+ Ke5 43. Nxc5 Kd6 44. Nd3 Bc7
45. f4 g5 46. Nc5 Ke7 47. Nd3 Kf6 48. Kc5 Ke7 49. Kc6 Bd6 50. Kb6 gxf4 51.
gxf4 Kf6 52. g4 Kg6 53. Kc6 Bb8 54. d6 Kf6 55. Ne5 Ke6 56. d7 Ke7 57. Nxf7
Kxf7 58. d8=Q Bxf4 59. Qd7+ Kf6 60. Qf5+ {Black resigns} 1-0

[Event "ICC tourney 2098 (40 10)"]
[Site "Internet Chess Club"]
[Date "2020.11.01"]
[Round "5"]
[White "aquilesboy"]
[Black "jy2020"]
[Result "0-1"]
[ICCResult "White resigns"]
[WhiteElo "1906"]
[BlackElo "2221"]
[Opening "English opening"]
[ECO "A05"]
[NIC "QP.11"]
[Time "20:02:53"]
[TimeControl "2400+10"]

1. Nf3 Nf6 2. c4 e6 3. e3 d5 4. b3 Be7 5. Bb2 O-O 6. d4 b6 7. Nc3 Bb7 8. Bd3
Nbd7 9. cxd5 exd5 10. O-O a6 11. Qc2 Bd6 12. Rfe1 Re8 13. e4 dxe4 14. Nxe4
Nxe4 15. Bxe4 Bxe4 16. Rxe4 Rxe4 17. Qxe4 Nf6 18. Qf5 g6 19. Qg5 Nd5 20.
Qxd8+ Rxd8 21. Ne5 f6 22. Nd3 Re8 23. Re1 Rxe1+ 24. Nxe1 Kf7 25. Nd3 Ke6 26.
h3 Ne7 27. g4 Kd5 28. Ne1 Nc6 29. Nf3 Ke4 30. Kg2 Nb4 31. Nd2+ Kd5 32. a4
Nd3 33. Bc3 Bb4 34. Bxb4 Nxb4 35. Kf3 Kxd4 36. Ne4 Nd5 37. g5 fxg5 38. Nxg5
h5 39. Ne6+ Ke5 40. Nf8 g5 41. Nh7 Kf5 42. Kg3 h4+ 43. Kg2 Nf4+ 44. Kh2 Ne6
{White resigns}
0-1

[Event "ICC tourney 2098 (40 10)"]
[Site "Internet Chess Club"]
[Date "2020.11.01"]
[Round "5"]
[White "TjkTiger"]
[Black "Chesssaga"]
[Result "1-0"]
[ICCResult "Black resigns"]
[WhiteElo "2590"]
[BlackElo "2046"]
[Opening "English: four knights, Nimzovich variation"]
[ECO "A28"]
[NIC "EO.09"]
[Time "20:03:43"]
[TimeControl "2400+10"]

1. c4 Nf6 2. Nc3 e5 3. Nf3 Nc6 4. e4 Bb4 5. d3 Bxc3+ 6. bxc3 d6 7. g3 O-O 8.
Bg2 h6 9. O-O Be6 10. Nh4 Qd7 11. f4 exf4 12. Rxf4 Ne5 13. Nf5 Bxf5 14. Rxf5
Nh7 15. Qe2 Rae8 16. Be3 g6 17. Rff1 Qg4 18. Qd2 Ng5 19. Kh1 f6 20. Rf4 Qd7
21. Raf1 Qg7 22. Qe2 h5 23. h3 Ne6 24. R4f2 Nd7 25. h4 Nec5 26. Bh3 Ne5 27.
Rd1 Ng4 28. Bxg4 hxg4 29. Bxc5 dxc5 30. Qxg4 Re5 31. Rdf1 Re7 32. Kg2 b6 33.
a4 a5 34. Rf4 Rd7 35. R1f3 Rd6 36. e5 f5 37. exd6 fxg4 38. Rxf8+ Qxf8 39.
Rxf8+ Kxf8 40. dxc7 {Black resigns} 1-0

[Event "ICC tourney 2098 (40 10)"]
[Site "Internet Chess Club"]
[Date "2020.11.01"]
[Round "5"]
[White "Feugon"]
[Black "MiamiBoy"]
[Result "0-1"]
[ICCResult "White resigns"]
[WhiteElo "1991"]
[BlackElo "2259"]
[Opening "Bird's opening: Lasker variation"]
[ECO "A03"]
[NIC "VO.07"]
[Time "20:02:59"]
[TimeControl "2400+10"]

1. f4 d5 2. Nf3 Nf6 3. e3 c5 4. b3 Nc6 5. Bb5 Qb6 6. c4 e6 7. Ne5 Bd7 8.
Bxc6 Bxc6 9. O-O Be7 10. Bb2 O-O 11. d3 Rad8 12. Nd2 Qc7 13. Qe2 b5 14. Nxc6
Qxc6 15. Nf3 bxc4 16. dxc4 Ne4 17. Ne5 Qb7 18. Rfd1 Bf6 19. Rac1 Qa6 20. Qc2
Bxe5 21. Bxe5 f6 22. Bb2 Rf7 23. a4 Rfd7 24. cxd5 Rxd5 25. Ba3 f5 26. Rxd5
Rxd5 27. Rd1 Qd6 28. Rxd5 Qxd5 29. h3 Kf7 30. Kh2 h6 31. a5 g5 32. a6 g4 33.
h4 Qd8 34. b4 Qxh4+ {White resigns} 0-1

[Event "ICC tourney 2098 (40 10)"]
[Site "Internet Chess Club"]
[Date "2020.11.01"]
[Round "5"]
[White "AlexW2007"]
[Black "Dipankar007"]
[Result "1/2-1/2"]
[ICCResult "Game drawn by mutual agreement"]
[WhiteElo "2106"]
[BlackElo "2001"]
[Opening "Neo-Grünfeld, 6.O-O"]
[ECO "D77"]
[NIC "GI.02"]
[Time "20:03:06"]
[TimeControl "2400+10"]

1. d4 Nf6 2. c4 g6 3. Nf3 Bg7 4. g3 O-O 5. Bg2 d5 6. O-O dxc4 7. Na3 c5 8.
Nxc4 Be6 9. Nce5 Bd5 10. Be3 cxd4 11. Bxd4 Nc6 12. Nxc6 Bxc6 13. Bc3 Qb6 14.
Qb3 Qxb3 15. axb3 Rfd8 16. Rfd1 Bd5 17. b4 a6 18. Nd2 Bxg2 19. Kxg2 Rac8 20.
Nb3 Ne4 21. Bxg7 Kxg7 22. f3 Rxd1 23. Rxd1 Nd6 24. Rc1 Rxc1 25. Nxc1 Kf6 26.
Nd3 Ke6 27. e4 b6 28. Kf2 f5 29. Ke3 fxe4 30. fxe4 Kd7 31. Kd4 Kc6 32. g4
Kb5 33. h4 Nc4 34. h5 gxh5 35. gxh5 e6 36. h6 Nd6 37. Ke5 Nf7+ 38. Kxe6 Nxh6
39. Kd5 Ng4 40. e5 h5 41. e6 h4 42. e7 Nf6+ 43. Ke6 Ne8 44. b3 h3 45. Kd7
Ng7 46. Kc7 h2 47. Nf2 Ne8+ 48. Kd7 Ng7 49. Kc7 a5 50. bxa5 bxa5 51. Kb7 Ne8
52. Nh1 {Game drawn by mutual agreement} 1/2-1/2

[Event "ICC tourney 2098 (40 10)"]
[Site "Internet Chess Club"]
[Date "2020.11.01"]
[Round "5"]
[White "kralj8"]
[Black "manest"]
[Result "0-1"]
[ICCResult "White resigns"]
[WhiteElo "1952"]
[BlackElo "2719"]
[Opening "Pirc defense"]
[ECO "B07"]
[NIC "PU.08"]
[Time "20:02:59"]
[TimeControl "2400+10"]

1. e4 d6 2. d4 Nf6 3. Nc3 e5 4. dxe5 dxe5 5. Qxd8+ Kxd8 6. Bg5 Be6 7. O-O-O+
Nd7 8. f4 exf4 9. e5 h6 10. Bxf4 Ng4 11. Nh3 g5 12. Bg3 Bg7 13. Bb5 c6 14.
Be2 Nxe5 15. Rhe1 Ke7 16. Nf2 Rad8 17. Ng4 Nxg4 18. Bxg4 Nc5 19. Bxe6 Nxe6
20. Ne4 Rxd1+ 21. Rxd1 Rd8 22. Nd6 Kf8 23. Rf1 Rd7 24. c3 h5 25. h3 Kg8 26.
Kc2 b6 27. Ne8 h4 28. Bh2 Re7 29. Nxg7 Nxg7 30. Rf2 Re1 31. Bb8 a6 32. Kd2
Ra1 33. a3 Ne6 34. Bd6 b5 35. Kc2 a5 36. Rd2 a4 37. c4 f6 38. cxb5 cxb5 39.
Kc3 Rf1 40. Kb4 Rf5 41. Rc2 Kf7 42. g4 hxg3 43. Bxg3 Rd5 44. Rc8 f5 45. Rb8
f4 46. Be1 Re5 47. Bc3 Re4+ 48. Kxb5 f3 49. Bb4 f2 50. Rb7+ Kg6 51. Kxa4
Nc5+ 52. Kb5 Nxb7 {White resigns} 0-1

[Event "ICC tourney 2098 (40 10)"]
[Site "Internet Chess Club"]
[Date "2020.11.01"]
[Round "5"]
[White "e4f5"]
[Black "HarleyQueen8"]
[Result "1-0"]
[ICCResult "Black checkmated"]
[WhiteElo "2220"]
[BlackElo "1884"]
[Opening "Sicilian: Boleslavsky variation"]
[ECO "B58"]
[NIC "SI.25"]
[Time "20:02:59"]
[TimeControl "2400+10"]

1. e4 c5 2. Nf3 d6 3. d4 cxd4 4. Nxd4 Nf6 5. Nc3 Nc6 6. Be2 e5 7. Nf3 h6 8.
O-O Be7 9. Re1 O-O 10. h3 Be6 11. Bf1 a6 12. Nd5 Rc8 13. Be3 b5 14. Nxf6+
Bxf6 15. a4 Bc4 16. axb5 axb5 17. Bxc4 bxc4 18. Qe2 d5 19. exd5 Qxd5 20.
Red1 Nd4 21. Nxd4 exd4 22. Ra6 Rc6 23. Rxc6 Qxc6 24. Bxd4 Rd8 25. Bxf6 Rxd1+
26. Qxd1 Qxf6 27. Qd7 Qf4 28. Qe8+ Kh7 29. Qe1 Qd4 30. Qb1 Kg8 31. b4 Qb6
32. b5 c3 33. Qb4 Kh8 34. Qc4 Kg8 35. Qc6 Qd4 36. b6 Qd2 37. Qc7 Qxc2 38. b7
Qb1+ 39. Kh2 c2 40. b8=Q+ Kh7 41. Qbc8 c1=Q 42. Qxc1 Qb5 43. Q1c2+ g6 44.
Q2c3 g5 45. Q8h8+ Kg6 46. Qcf6+ Kh5 47. Qhxh6# {Black checkmated} 1-0